 Dungeon Crawl Stone Soup version 0.30-a0-459-g9104f0fc43 (webtiles) character file.

Game seed: 12886305962190952297

10 NinjaNoafa the Caller (level 2, -1/11 HPs)
             Began as a Felid Summoner on Dec 15, 2022.
             Slain by a jackal (3 damage)
             ... on level 1 of the Dungeon.
             The game lasted 00:01:33 (461 turns).

NinjaNoafa the Caller (Felid Summoner)               Turns: 461, Time: 00:01:33

Health: -1/11      AC:  1    Str:  4    XL:     2   Next: 10%
Magic:  6/6        EV: 17    Int: 16    God:
Gold:   12         SH:  0    Dex: 16    Spells: 2/5 levels left
                                        Lives:  0   Deaths: 0

rFire   . . .      SeeInvis +    (weapon unavailable)
rCold   . . .      Faith    .    (shield unavailable)
rNeg    . . .      Spirit   .    (body armour unavailable)
rPois   .          Reflect  .    (helmet unavailable)
rElec   .          Harm     .    (cloak unavailable)
rCorr   .          Rampage  .    (gloves unavailable)
Will    .....                    (boots unavailable)
Stlth   ++........               (no amulet)
HPRegen 0.21/turn                (no ring)
MPRegen 0.10/turn                (no ring)

@: quick
A: very small, claws 1, fangs 3, see invisible, speed 1, shaggy fur 1, stealthy
paws, no weapons or thrown items, no armour, multi-lived
a: no special abilities


You were on level 1 of the Dungeon.
You visited 1 branch of the dungeon, and saw 1 of its levels.

You collected 12 gold pieces.

Inventory:

Jewellery
 e - an amulet of guardian spirit
Scrolls
 b - a scroll of vulnerability {unknown}
Potions
 c - a potion of attraction {unknown}
 d - a potion of brilliance {unknown}


   Skills:
 - Level 2.6 Dodging
 - Level 2.6 Stealth
 + Level 2.3 Spellcasting
 + Level 4.2 Summonings


You had 2 spell levels left.
You knew the following spells:

 Your Spells              Type           Power      Damage    Failure   Level
a - Summon Small Mammal   Summ           60%        N/A       3%          1
b - Call Imp              Summ           15%        N/A       5%          2

Your spell library contained the following spells:

 Spells                   Type           Power      Damage    Failure   Level
 Call Canine Familiar     Summ           15%        N/A       11%         3
 Summon Guardian Golem    Hex/Summ       8%         N/A       26%         3
 Summon Lightning Spire   Summ/Air       8%         N/A       63%         4


Dungeon Overview and Level Annotations

Branches:
Dungeon (1/15)

Altars:


Innate Abilities, Weirdness & Mutations

You have sharp claws.
You have razor-sharp teeth.
You have supernaturally acute eyesight. (SInv)
You cover ground quickly. (Speed+)
You are covered in fur. (AC +1)
Your paws help you pounce on unaware monsters.
You are incapable of wielding weapons or throwing items.
You cannot wear armour.
You gain extra lives every three experience levels.


Message History

Your crimson imp hits the jackal.
The jackal barely misses your crimson imp.
Something misses your crimson imp.
The jackal closely misses your crimson imp.
Your crimson imp hits the jackal.
The jackal dies!
The bat hits your crimson imp but does no damage.
The bat barely misses your crimson imp.
Your crimson imp closely misses the bat.
The bat closely misses your crimson imp.
Your crimson imp closely misses the bat.
The jackal barely misses your crimson imp.
Your crimson imp blinks!
Casting: Call Imp (safe; 5% risk of failure)
Confirm with . or Enter, or press ? or * to list all spells.
You miscast Summon Small Mammal.
You are very lightly contaminated with residual magic.
Nothing appears to happen.
Something misses your crimson imp.
Something barely misses your crimson imp.
Something misses your crimson imp.
The bat hits your crimson imp but does no damage.
The jackal bites you. The jackal completely misses you.
The jackal bites you but does no damage.
Your magical contamination has completely faded away.
The jackal attacks as you move away! The jackal bites you.
The jackal attacks as you move away! The jackal closely misses you. x2
The jackal attacks as you move away! The jackal bites you.
Casting: Summon Small Mammal (safe; 3% risk of failure)
Confirm with . or Enter, or press ? or * to list all spells.
A beastly little devil appears in a puff of flame.
The bat hits you but does no damage. The jackal barely misses you.
The jackal attacks as you move away! The jackal misses you.
The jackal attacks as you move away! The jackal bites you.
Your crimson imp closely misses the bat.
The jackal bites you. Magic courses through your body. The jackal bites you.
* * * LOW HITPOINT WARNING * * *
The jackal attacks as you move away! The jackal bites you.
You die...

##...##..##.............
##...###.#######.########
##...## #.##......# #
#...## #.######..########
#..## #.# #..........
#.## ####.# #.#########
#).###.##.# #.# #
##.....##.######.#### #
#####.##@##..5.....#
#.##.hb.###.##.#
#.####### #.##.# #.#
#.##.# ####
#.#########.##.# #h..
#...........##.# #b##
##############.# #h# #.#
#5# #.# #.#


You could see a jackal and a bat.

Vanquished Creatures (collateral kills)
  An endoplasm (D:1)
  A giant cockroach (D:1)
  3 goblins (D:1)
  A jackal (D:1)
  A frilled lizard (D:1)
  3 kobolds (D:1)
10 creatures vanquished.

Notes
Turn   | Place    | Note
-------+----------+-------------------------------------------
     0 | D:1      | NinjaNoafa the Felid Summoner began the quest for the Orb.
     0 | D:1      | Reached XP level 1. HP: 7/7 MP: 4/4
   388 | D:1      | Reached XP level 2. HP: 11/11 MP: 0/6
   401 | D:1      | Learned a level 2 spell: Call Imp
   461 | D:1      | Slain by a jackal

Illustrated notes

Levels and vault maps discovered:
D:1:      elethiomel_arrival_shortcut, layout_loops_ring, minmay_tetromino_o2

Action                   || total
-------------------------++-------
 Cast: Summon Small Mamm ||    16
       Call Imp          ||     2
  Use: Potion            ||     1
Armor: Skin              ||     2
Dodge: Dodged            ||    20

Table legend: (Time is in decaauts)
 A = Elapsed time spent in this place.
 B = Non-inter-level travel time spent in this place.
 C = Inter-level travel time spent in this place.
 D = Time resting spent in this place.
 E = Time spent auto-exploring this place.
 F = Levels seen in this place.
 G = Mean time per level.
                   A        B        C        D        E       F      G
               +--------+--------+--------+--------+--------+-----+--------+
         Total |    403 |    403 |      0 |      0 |    244 |   1 |  403.0 |
       Dungeon |    403 |    403 |      0 |      0 |    244 |   1 |  403.0 |
               +--------+--------+--------+--------+--------+-----+--------+

Top non-repeatable levels by time:
     D:1: 403 daAuts
